 Dungeon Crawl Stone Soup version 0.32-a0-918-g0f22ef8d61 (webtiles) character file.

Game seed: 8062014794014959414

2564 ragingrage the Protected (level 9, 0/71 HPs)
             Began as a Ghoul Warper on Apr 10, 2024.
             Was a Believer of Yredelemnul.
             Slain by a water moccasin (2 damage)
             ... on level 7 of the Dungeon.
             The game lasted 00:12:44 (5503 turns).

ragingrage the Protected (Ghoul Warper)             Turns: 5503, Time: 00:12:44

Health: 0/71       AC: 17    Str: 17 (19) XL:     9   Next: 57%
Magic:  0/20       EV:  8    Int: 10 (12) God:    Yredelemnul [**....]
Gold:   342        SH:  0    Dex:  5 (8)  Spells: 6/11 levels left

rFire   . .          .
                       - Unarmed
rCold   + . .        (no shield)
rNeg    + + +        d - +1 scale mail
rPois   ∞            t - +1 helmet
rElec   .            (no cloak)
rCorr   .            (no gloves)
SInv    .            y - +0 pair of boots
Will    +....        o - amulet of guardian spirit Stlth
                     z - +4 ring of protection
HPRegen 0.00/turn    A - ring of magical power
MPRegen 0.17/turn

%: guardian spirit
@: mighty, brilliant, spiked, enlightened, flying, inhibited regen, hasted,
wreathed by umbra, studying Translocations, very quick
A: claws 1, cold resistance 1, negative energy resistance 3, inhibited
regeneration, torment resistance 2, devour on kill
a: Renounce Religion, Light the Black Torch, Recall Undead Harvest, Hurl
Torchlight


You were on level 7 of the Dungeon.
You worshipped Yredelemnul.
Yredelemnul was noncommittal.
You visited 2 branches of the dungeon, and saw 8 of its levels.

You collected 405 gold pieces.
You spent 63 gold pieces at shops.

Inventory:

Hand Weapons
 q - a +4 rapier of draining
Missiles
 a - 3 boomerangs
 c - 2 darts of dispersal
 e - 50 stones (quivered)
 k - 3 javelins
 w - 3 poisoned darts
Armour
 d - a +1 scale mail (worn)
 t - a +1 helmet (worn)
 y - a +0 pair of boots (worn)
 E - a +0 pair of gloves
Jewellery
 i - the ring "Zaqood" {Wiz +Blink rCorr}
   (You found it on level 2 of the Dungeon)

   [ring of wizardry]

   Wiz:       It improves your spell success rate.
   +Blink:    It lets you blink.
   rCorr:     It protects you from acid and corrosion.
 o - an amulet of guardian spirit (around neck)
 u - a ring of protection from fire
 z - a +4 ring of protection (left claw)
 A - a ring of magical power (right claw)
 B - a ring of resist corrosion
Scrolls
 n - 2 scrolls of revelation
 x - a scroll of silence
 D - a scroll of acquirement
Potions
 l - 3 potions of attraction
 p - 2 potions of berserk rage


   Skills:
 - Level 4.0 Fighting
 - Level 0.8 Throwing
 + Level 8.3 Armour
 - Level 1.7 Dodging
 - Level 2.0 Stealth
 - Level 8.0 Unarmed Combat
 - Level 1.7 Spellcasting
 - Level 4.5 Translocations


You had 6 spell levels left.
You knew the following spells:

 Your Spells              Type           Power      Damage    Failure   Level
a - Blink                 Tloc           30%        N/A       21%         2
b - Maxwell's Portable P  Tloc           15%        2d(6-18)  38%         3

Your spell library contained the following spells:

 Spells                   Type           Power      Damage    Failure   Level
 Lesser Beckoning         Tloc           30%        N/A       21%         2
 Teleport Other           Tloc           15%        N/A       38%         3
 Freeze                   Ice            4%         1d3       65%         1
 Necrotise                Necr           4%         1d4       65%         1
 Sting                    Conj/Alch      4%         1d3       65%         1
 Frozen Ramparts          Ice            2%         1d1       95%         3
 Hailstorm                Conj/Ice       1%         3d5       95%         3
 Iskenderun's Mystic Bla Conj/Tloc 8%             2d4        (+2d1     98%         4
 Vhi's Electric Charge    Tloc/Air       16%        N/A       98%         4
 Starburst                Conj/Fire      0%         6d3       100%        6


Dungeon Overview and Level Annotations

Branches:
Dungeon (7/15)             Temple (1/1) D:4

Altars:
Ashenzari
Cheibriados
Dithmenos
Fedhas
Gozag
Hepliaklqana
Kikubaaqudgha
Nemelex Xobeh
Qazlal
Sif Muna
Vehumet
Wu Jian
Xom
Yredelemnul

Shops:
D:5 [

Portals:
Bailey: D:7

Annotations:
D:6 Prince Ribbit


Innate Abilities, Weirdness & Mutations

You are immune to poison.
You have sharp fingernails.
Your flesh is cold resistant. (rC+)
You are immune to negative energy. (rN+++)
You do not regenerate when monsters are visible.
You are immune to unholy pain and torment.
You thrive by killing the living.


Message History

* * * LOW HITPOINT WARNING * * *
The manticore claws you.
* * * LOW HITPOINT WARNING * * *
Okay, then.
Casting: Blink (safe; 21% risk of failure)
Okay, then.
You aren't carrying any items that you can evoke.
Unknown command.
Okay, then.
Okay, then.
Okay, then.
You feel better.
You feel better.
You hear the creaking of a very distant portcullis.
The wight hits you but does no damage.
The sky beast hits you but does no damage.
The orc warrior barely misses you. The manticore bites you.
* * * LOW HITPOINT WARNING * * *
The manticore barely misses you. x2
The barbs in your skin will harm you if you move.
Continue?
An orc comes into view. It is wielding a +0 mace.
The barbed spikes dig painfully into your body as you move.
* * * LOW HITPOINT WARNING * * *
Unknown command.
The barbed spikes dig painfully into your body as you move.
* * * LOW HITPOINT WARNING * * *
The wight hits you but does no damage.
A yak comes into view.
Unknown command.
Okay, then.
Okay, then.
You aren't carrying any items that you can evoke.
You closely miss the wight. The wight barely misses you.
You claw the sky beast!
You scratch the sky beast but do no damage.
A howler monkey comes into view.
The sky beast hits you but does no damage.
The wight closely misses you. The water moccasin bites you.
You die...
You join the legions of the undead harvest.

####........ZZ.ZZ#..#Z##.####.
...........####..#.#.#........
...........# ##.##Z#..#.##..
...........# #.##.#..# .#
...........# ..###.### ..
...........# ..##..#..## .#
...........# ..##..###..# .
...........##.##S#.....#.#
.......######.#.@z##z##...#
##.###.# # #.#Y#.$.#.#.# #.
#.# ..##Hkz#?..# #. #.# #..#
#.#./.#.# .. ... ....
...##.##=.. #. .# .#.# ##.#Y
..! .## #. ## . #.. # h . .##
## #


You could see a manticore, a yak, a water moccasin, a wyvern, a sky beast, a
howler monkey (wandering) and 2 wights.

Vanquished Creatures
  Grinder (D:5)
  Eustachio (D:6)
  A water moccasin (D:7)
  Duvessa (D:6)
  2 orc warriors (D:6)
  2 centaurs (D:7)
  A phantom (D:6)
  A kobold brigand (D:6)
  A bullfrog (D:7)
  A scorpion (D:5)
  A wight (D:7)
  Dowan (D:6)
  A howler monkey (D:6)
  3 jellies
  3 hounds
  3 bombardier beetles
  A gnoll bouda (D:5)
  An orc priest (D:6)
  4 iguanas
  2 sleepcaps
  5 orc wizards
  2 gnolls
  8 adders
  A dart slug (D:5)
  A ribbon worm (D:4)
  23 orcs
  11 endoplasms
  5 giant cockroaches
  16 goblins
  5 hobgoblins
  2 jackals (D:4)
  4 quokkas
  6 ball pythons
  8 bats
  5 frilled lizards
  13 kobolds
  6 rats
  A butterfly (D:4)
154 creatures vanquished.

Vanquished Creatures (collateral kills)
  An orc warrior (D:7)
  An ice beast (D:7)
  A centaur (D:7)
  A scorpion (D:5)
  A gnoll bouda (D:7)
  A bombardier beetle (D:5)
  An orc priest (D:7)
  2 gnolls (D:7)
  3 orcs (D:7)
12 creatures vanquished.

Vanquished Creatures (others)
  A centaur zombie (D:7)
  An ice beast zombie (D:7)
  A hound zombie (D:6)
  A howler monkey zombie (D:6)
  An elf zombie (D:6)
  An iguana zombie (D:7)
  An adder zombie (D:5)
  2 gnoll zombies (D:7)
  A bombardier beetle zombie (D:5)
  5 orc zombies
15 creatures vanquished.

Grand Total: 181 creatures vanquished

Notes
Turn   | Place    | Note
-------+----------+-------------------------------------------
     0 | D:1      | ragingrage the Ghoul Warper began the quest for the Orb.
     0 | D:1      | Reached XP level 1. HP: 17/17 MP: 3/3
   173 | D:2      | Reached XP level 2. HP: 23/24 MP: 4/4
   393 | D:3      | Reached XP level 3. HP: 28/29 MP: 5/5
   588 | D:2      | Reached skill level 1 in Stealth
   629 | D:2      | Identified the ring "Zaqood" {Wiz +Blink rCorr}
   635 | D:2      | Learned a level 2 spell: Blink
   639 | D:2      | Learned a level 3 spell: Maxwell's Portable Piledriver
  1085 | D:2      | Reached XP level 4. HP: 36/36 MP: 6/6
  1344 | D:1      | Reached skill level 5 in Unarmed Combat
  1482 | D:1      | Reached XP level 5. HP: 41/41 MP: 7/7
  2185 | D:4      | Reached XP level 6. HP: 46/48 MP: 6/8
  2630 | D:4      | Found a staircase to the Ecumenical Temple.
  2642 | Temple   | Entered the Ecumenical Temple
  2715 | Temple   | Became a worshipper of Yredelemnul the Fallen
  3057 | D:5      | Entered Level 5 of the Dungeon
  3250 | D:5      | Reached XP level 7. HP: 49/55 MP: 6/9
  3335 | D:5      | Noticed Grinder
  3336 | D:5      | Found Rouggoxy's Armour Shop.
  3358 | D:5      | Killed Grinder
  3359 | D:5      | Reached skill level 1 in Armour
  3389 | D:5      | Bought a +0 pair of boots for 63 gold pieces
  3682 | D:5      | Reached XP level 8. HP: 54/63 MP: 10/10
  4055 | D:6      | Noticed Eustachio
  4092 | D:6      | Noticed Prince Ribbit
  4138 | D:6      | Reached * piety under Yredelemnul
  4389 | D:6      | Noticed Dowan
  4389 | D:6      | Noticed Duvessa
  4400 | D:6      | Killed Duvessa
  4403 | D:6      | Your ally Duvessa died
  4425 | D:6      | Killed Dowan
  4578 | D:6      | Reached skill level 5 in Armour
  4845 | D:6      | Killed Eustachio
  4856 | D:6      | Reached XP level 9. HP: 70/71 MP: 11/11
  5241 | D:7      | Found a flagged portal.
  5289 | D:7      | Reached ** piety under Yredelemnul
  5459 | D:7      | Got the Codex of Skepticism
  5479 | D:7      | Noticed a manticore
  5481 | D:7      | Identified 2 scrolls of acquirement
  5481 | D:7      | Acquired a manual of Translocations
  5496 | D:7      | HP: 1/71 [manticore (6)]
  5503 | D:7      | Slain by a water moccasin

Illustrated notes

Levels and vault maps discovered:
D:1:      erik_arrival_blinker_ship, layout_rooms, minmay_hexomino_u4
D:2:      layout_basic
D:3:      kennysheep_the_goblin_king, layout_rooms, nicolae_underground_beach
D:4:      layout_loops_ring, minmay_temple_entry_butterflies
D:5:      layout_cave_pods, serial_shops, nicolae_stop_n_shop_2, st_stairs_10,
          uniq_grinder
D:6:      layout_loops_ring, minivault_11, corexii_hall_statues_u, uniq_duvessa,
          uniq_eustachio, uniq_prince_ribbit1
D:7:      minmay_the_grid_octo_tiled_squarecenter [minmay_the_grid_octo_teeth,
          minmay_the_grid_octo_clover_2, minmay_the_grid_octo_tetromino_candy,
          minmay_the_grid_octo_focus,
          minmay_the_grid_square_5x5_megaprize_hollow,
          minmay_the_grid_square_5x5_z, minmay_the_grid_square_5x5_lines,
          minmay_the_grid_square_5x5_moneybag,
          minmay_the_grid_square_5x5_doubleslash], layout_basic, enter_bailey_6,
          hangedman_decor_peaks_small, kennysheep_dice
Temple:   minmay_temple_bridge_d

Skill      XL: |  1  2  3  4  5  6  7  8  9 |
---------------+----------------------------+-----
Unarmed Combat | 3 4 5 6 8 |  8.0
Stealth        | 2 |  2.0
Translocations | 3 4 |  4.5
Armour         | 1 6 8 |  8.3
Fighting       | 3 4 |  4.0
Throwing       | |  0.8
Dodging        | |  1.7
Spellcasting   | |  1.7

Action                     |  1- 3 |  4- 6 |  7- 9 || total
---------------------------+-------+-------+-------++-------
  Melee: Unarmed           |   113 |   248 |   255 ||   616
         Punch             |       |     2 |     4 ||     6
  Throw: Dart              |     5 |       |       ||     5
         Stone             |     2 |       |       ||     2
         Javelin           |       |       |     2 ||     2
   Cast: Blink             |       |       |     1 ||     1
 Invoke: Light the Black T |       |     1 |     2 ||     3
         Hurl Torchlight   |       |       |     1 ||     1
    Use: Scroll            |     3 |     2 |     6 ||    11
         Potion            |       |       |    13 ||    13
   Stab: Distracted        |       |       |     1 ||     1
 Armour: Scale mail        |    90 |   162 |   220 ||   472
         Leather armour    |     1 |       |       ||     1
  Dodge: Dodged            |    76 |    79 |   155 ||   310

Table legend: (Time is in decaauts)
 A = Elapsed time spent in this place.
 B = Non-inter-level travel time spent in this place.
 C = Inter-level travel time spent in this place.
 D = Time resting spent in this place.
 E = Time spent auto-exploring this place.
 F = Levels seen in this place.
 G = Mean time per level.
                   A        B        C        D        E       F      G
               +--------+--------+--------+--------+--------+-----+--------+
         Total |   5430 |   5120 |    310 |    540 |   2967 |   8 |  678.8 |
       Dungeon |   5289 |   5116 |    173 |    540 |   2967 |   7 |  755.6 |
        Temple |    141 |      4 |    137 |      0 |      0 |   1 |  141.0 |
               +--------+--------+--------+--------+--------+-----+--------+

Top non-repeatable levels by time:
     D:6: 1135 daAuts
     D:2: 1037 daAuts
     D:4: 1021 daAuts
     D:5: 1010 daAuts
     D:1: 486 daAuts
     D:3: 342 daAuts
     D:7: 255 daAuts
  Temple: 141 daAuts
